 Dungeon Crawl Stone Soup version 0.28.0-43-g3370ac3207 (webtiles) character file.

Game seed: 4608714970152729265

3953 TheDeanity the Basher (level 10, 0/100 HPs)
             Began as a Troll Fighter on Mar 17, 2022.
             Was an Initiate of Okawaru.
             Slain by an orc knight
             ... wielding a +0 halberd
              (24 damage)
             ... in a bailey.
             The game lasted 00:26:06 (5805 turns).

TheDeanity the Basher (Troll Fighter)               Turns: 5805, Time: 00:26:07

Health: 0/100      AC:  6    Str: 30    XL:     10   Next: 2%
Magic:  9/9        EV:  8    Int:  4    God:    Okawaru [......]
Gold:   264        SH:  7    Dex:  9    Spells: 9/9 levels left

rFire   + . .      SeeInvis .   C - +0 morningstar
rCold   . . .      Faith    .   c - +0 kite shield
rNeg    . . .      Spirit   .   b - +0 robe
rPois   .          Reflect  .   v - +1 hat
rElec   .          Harm     .   n - +0 cloak
rCorr   .          Rampage  .   (gloves unavailable)
Will    .....                   (boots unavailable)
Stlth   +.........              (no amulet)
HPRegen 1.06/turn               u - ring of protection from fire
MPRegen 0.11/turn               (no ring)

@: no status effects
A: large, unfitting armour, claws 3, regeneration 1, shaggy fur 1, tough skin 1
a: Renounce Religion


You were in a bailey.
You worshipped Okawaru.
Okawaru was noncommittal.
You visited 2 branches of the dungeon, and saw 8 of its levels.
You also visited: Bailey.

You collected 264 gold pieces.

Inventory:

Hand Weapons
 a - a +0 flail of holy wrath
 C - a +0 morningstar (weapon)
Missiles
 l - 7 boomerangs (quivered)
 s - a throwing net
Armour
 b - a +0 robe (worn)
 c - a +0 kite shield (worn)
 n - a +0 cloak (worn)
 v - a +1 hat (worn)
 B - a scarf of invisibility
Jewellery
 q - an amulet of magic regeneration
 u - a ring of protection from fire (left claw)
 w - a ring of protection from cold
Wands
 r - a wand of flame (15)
 x - a wand of mindburst (16)
Scrolls
 e - 2 scrolls of teleportation
 g - a scroll of fear
 h - 2 scrolls of enchant armour
 j - a scroll of noise {unknown}
 k - a scroll of silence
 A - a scroll of enchant weapon {unknown}
Potions
 f - 3 potions of curing
 i - 2 potions of mutation {unknown}
 m - 2 potions of heal wounds
 o - 2 potions of lignification {unknown}
 p - a potion of magic {unknown}
 t - a potion of resistance
 D - a potion of haste {unknown}


   Skills:
 + Level 6.5 Fighting
 * Level 9.7 Maces & Flails
 + Level 6.3 Throwing
 - Level 2.4 Dodging
 - Level 2.4 Shields


You had 9 spell levels left.
You didn't know any spells.
Your spell library contained the following spells:

 Spells                   Type           Power      Damage    Failure   Level
 Magic Dart               Conj           0%         1d3       80%         1
 Sting                    Tmut/Pois      0%         1d3       80%         1
 Poisonous Vapours        Pois/Air       0%         N/A       91%         2
 Searing Ray              Conj           0%         2d4       91%         2
 Frozen Ramparts          Ice            0%         1d2       99%         3
 Fulminant Prism          Conj/Hex       0%         3d6       100%        4
 Ice Form                 Ice/Tmut       0%         N/A       100%        4
 Olgreb's Toxic Radiance  Pois           0%         N/A       100%        4
 Summon Ice Beast         Ice/Summ       Unusable   N/A       N/A         4

Dungeon Overview and Level Annotations

Branches:
Dungeon (7/15)             Temple (1/1) D:7          Bailey (1/1)

Altars:
Cheibriados
Fedhas
Gozag
Hepliaklqana
Kikubaaqudgha
Makhleb
Okawaru
Qazlal
Sif Muna
Uskayaw
Vehumet
Wu Jian
Xom
Zin
The Shining One
Lugonu

Annotations:
D:3 3 runed translucent doors, jimonade's ghost, amateur GnWn; vvl's ghost, amateur DsVM


Innate Abilities, Weirdness & Mutations

You are too large for most types of armour.
You have claws for hands.
Your natural rate of healing is unusually fast.
You are covered in fur. (AC +1)
You have tough skin. (AC +1)


Message History

The orc knight is heavily wounded.
The orc knight roars a battlecry!
The orcs go into a battle-frenzy!
Aiming: Corrosive Bolt
Press: ? - help, Shift-Dir - straight line, f/p - orc knight
Aim: an orc knight, wielding a +0 halberd and wearing a +0 plate armour (heavily wounded, 71% to hit)
The bolt of acid misses the orc knight.
The orc knight hits you from afar with a +0 halberd!!
Aiming: Corrosive Bolt
Press: ? - help, Shift-Dir - straight line, f/p - orc knight
Aim: an orc knight, wielding a +0 halberd and wearing a +0 plate armour (heavily wounded, 71% to hit)
The bolt of acid hits the orc knight.
The acid corrodes the orc knight!
The orc knight is heavily wounded.
The now-empty wand crumbles to dust.
The orc hits you from afar with a +0 halberd!
You block the orc knight's attack. You block the orc knight's attack.
You barely miss the orc knight.
The orc knight is heavily wounded.
The orc hits you but does no damage.
The orc knight hits you with a +0 halberd!!
You block the orc's attack.
You sock the orc knight!
The orc knight is severely wounded.
The orc knight hits you with a +0 halberd!
* * * LOW HITPOINT WARNING * * *
The orc barely misses you.
You feel much better. You block the orc's attack.
The orc knight hits you with a +0 halberd!!
* * * LOW HITPOINT WARNING * * *
You block the orc's attack.
You impale the orc knight!!
The orc knight is almost dead.
The orc hits you but does no damage.
The orc knight hits you with a +0 halberd!!
* * * LOW HITPOINT WARNING * * *
You block the orc's attack.
You feel much better.
The orc splashes around in the water.
The orc knight hits you with a +0 halberd!!
You die...

## #### ..#
##∩∩# ≈..#
#..## ≈≈..#
##..#
.≈≈..######..##
..≈≈..........#
#..≈≈≈o≈≈≈≈≈).#
#....o.@o..≈.#
##########)≈.#
#.$$$.##.).#
#.$.##..≈.#
≈≈.....
##.##..o≈.#
≈...⌠..
#'#..≈≈.∩#
§§§⌠∩⌠.
#'#..≈≈.##
§≈.....≈ #
##..≈≈.#
.≈≈≈≈≈§ ##..≈.#


You could see an orc knight (corroded) and 2 orcs.

Vanquished Creatures
  An orc knight (Bailey)
  A vampire mosquito (D:6)
  A water moccasin (D:6)
  5 orc warriors
  A black bear (D:7)
  An ice beast (D:6)
  5 necrophages
  An ogre (D:6)
  4 centaurs
  2 phantoms
  3 bullfrogs
  3 scorpions
  2 water moccasin zombies
  2 water moccasin skeletons (D:6)
  2 bullfrog zombies (D:6)
  2 centaur zombies (D:6)
  2 jellies
  2 bullfrog skeletons (D:6)
  4 hounds
  5 orc priests
  2 gnoll shamans
  2 iguanas (D:6)
  Ijyb (D:5)
  5 orc wizards
  A killer bee zombie (D:6)
  A howler monkey zombie (D:6)
  10 gnolls
  10 adders
  2 shadow imps
  An adder skeleton (D:4)
  3 dart slugs
  3 worms
  34 orcs
  6 bats
  3 endoplasms
  5 giant cockroaches
  8 hobgoblins
  3 jackals (D:3)
  8 kobolds
  2 quokkas
  9 ball pythons
  4 frilled lizards
  8 goblins
  3 rats
183 creatures vanquished.

Notes
Turn   | Place    | Note
-------+----------+-------------------------------------------
     0 | D:1      | TheDeanity the Troll Fighter began the quest for the Orb.
     0 | D:1      | Reached XP level 1. HP: 22/22 MP: 0/0
    55 | D:1      | Reached skill level 2 in Maces & Flails
    93 | D:1      | Reached XP level 2. HP: 26/29 MP: 1/1
   450 | D:2      | Found a faded altar of an unknown god.
   699 | D:2      | Reached XP level 3. HP: 36/36 MP: 2/2
   726 | D:2      | Reached skill level 3 in Maces & Flails
  1214 | D:2      | Reached XP level 4. HP: 45/45 MP: 3/3
  1334 | D:3      | Found a runed translucent gate.
  1335 | D:3      | Found a runed translucent gate.
  1336 | D:3      | Found a runed translucent gate.
  1337 | D:3      | Noticed jimonade's ghost (amateur GnWn)
  1337 | D:3      | Noticed vvl's ghost (amateur DsVM)
  1386 | D:2      | Reached skill level 1 in Throwing
  1394 | D:2      | Reached XP level 5. HP: 5/53 MP: 4/4
  1521 | D:3      | Noticed a centaur
  1546 | D:3      | Killed a centaur
  1547 | D:3      | Reached skill level 4 in Maces & Flails
  1746 | D:3      | Found a glowing golden altar of the Shining One.
  1866 | D:3      | Reached XP level 6. HP: 36/61 MP: 5/5
  2604 | D:4      | Reached skill level 5 in Maces & Flails
  2843 | D:5      | Entered Level 5 of the Dungeon
  2939 | D:5      | Reached XP level 7. HP: 44/68 MP: 6/6
  3070 | D:5      | Found an opulent altar of Gozag.
  3360 | D:4      | Reached skill level 6 in Maces & Flails
  3486 | D:5      | Noticed Ijyb
  3503 | D:5      | Killed Ijyb
  3675 | D:5      | Reached XP level 8. HP: 77/79 MP: 7/7
  3800 | D:5      | Found a hide-covered altar of Uskayaw.
  4193 | D:6      | Found a shimmering blue altar of Sif Muna.
  4278 | D:6      | Reached skill level 7 in Maces & Flails
  4283 | D:6      | Reached skill level 5 in Fighting
  4377 | D:6      | Found a stormy altar of Qazlal.
  4387 | D:6      | Noticed a purple ugly thing
  4566 | D:6      | Reached skill level 8 in Maces & Flails
  4566 | D:6      | Reached XP level 9. HP: 64/88 MP: 8/8
  4573 | D:6      | Reached skill level 5 in Throwing
  4778 | D:6      | Found a radiant altar of Vehumet.
  5336 | D:7      | Reached skill level 9 in Maces & Flails
  5399 | D:7      | Found a staircase to the Ecumenical Temple.
  5411 | Temple   | Entered the Ecumenical Temple
  5441 | Temple   | Became a worshipper of Warmaster Okawaru
  5465 | D:7      | Found a flagged portal.
  5514 | Bailey   | Entered a bailey
  5596 | Bailey   | Noticed an orc knight
  5596 | Bailey   | Noticed an orc knight
  5645 | Bailey   | Killed an orc knight
  5646 | Bailey   | Reached XP level 10. HP: 12/100 MP: 9/9
  5725 | Bailey   | Noticed an orc knight
  5804 | Bailey   | HP: 2/100 [orc knight/+0 halberd (23)]
  5805 | Bailey   | Slain by an orc knight

Illustrated notes

Levels and vault maps discovered:
D:1:      mrwooster_arrival_statue_2, layout_basic
D:2:      layout_loops_ring, nicolae_ecumenical_oubliette, grunt_ministairs_14,
          minmay_increasing_density
D:3:      layout_rooms, lemuel_doored_altar, gammafunk_ghost_cemetery,
          st_stairs_4
D:4:      layout_basic, hex_intersection
D:5:      layout_basic, mainiacjoe_overflow_concentric_impassable,
          nicolae_uskayaw_suspiria, uniq_ijyb
D:6:      minmay_opposing_rooms, layout_loops_ring, nicolae_vehumet_radiance,
          marbit_many_paths, grunt_qazlal_sundering, grunt_tough_drop
D:7:      layout_gridville, elyvilon_altar_4, minmay_temple_entry_purple_smoke,
          enter_bailey_6, minmay_crystal_room, minivault_25
Temple:   corrupted_temple
Bailey:   bailey_polearm_1, bailey

Skill      XL: |  1  2  3  4  5  6  7  8  9 |
---------------+----------------------------+-----
Maces & Flails | 2 3 4 5 6 8 9 |  9.7
Fighting       | 3 4 5 6 |  6.5
Throwing       | 1 2 3 4 6 |  6.3
Dodging        | |  2.4
Shields        | |  2.4

Action                   |  1- 3 |  4- 6 |  7- 9 | 10-12 || total
-------------------------+-------+-------+-------+-------++-------
Melee: Unarmed           |   128 |   232 |    62 |       ||   422
       Flail             |       |       |   191 |       ||   191
       Dagger            |       |       |    11 |       ||    11
       Morningstar       |       |       |    61 |     3 ||    64
Throw: Boomerang         |     2 |    27 |    86 |     1 ||   116
       Dart              |       |       |     4 |     3 ||     7
Evoke: Wand              |       |       |     3 |     4 ||     7
  Use: Scroll            |       |     5 |     3 |       ||     8
       Potion            |       |     2 |     3 |     2 ||     7
 Stab: Sleeping          |     2 |       |       |       ||     2
Armor: Robe              |    56 |    81 |   114 |     2 ||   253
Dodge: Dodged            |    55 |   110 |   126 |     1 ||   292
Block: Kite shield       |    51 |   118 |   140 |     7 ||   316
